TOP OF THE 1ST |
Dayton Dragons batting - Pitching for Wisconsin Timber Rattlers : RHP Javy Uribe
|
Pitching: RHP Javy Uribe
|
|
Batting: LHB Fernando Gomez
|
0-0: Ball 1-0: Called Strike 1-1: Ball 2-1: Ball 3-1: SINGLE (Line Drive, 78M, EV 101.9 MPH)
|
Batting: LHB Matthew Berry
|
0-0: Called Strike 0-1: Ball 1-1: Swinging Strike 1-2: Grounds into double play, 3-6-1 (Groundball, 3, EV 98.8 MPH)
|
Batting: LHB Leo Gomez
|
0-0: Swinging Strike 0-1: Foul Ball, location: 2F 0-2: Ball 1-2: Foul Ball, location: 2F 1-2: Foul Ball, location: 2F 1-2: Ball 2-2: Ground out 6-3 (Groundball, 6, EV 85.6 MPH)
|
Top of the 1st over - 0 runs, 1 hit, 0 errors, 0 left on base; Dayton 0 - Wisconsin 0 |
BOTTOM OF THE 1ST |
Wisconsin Timber Rattlers batting - Pitching for Dayton Dragons : RHP Matt Johnson
|
Pitching: RHP Matt Johnson
|
|
Batting: RHB Ben Alspach
|
0-0: Foul Ball, location: 2F 0-1: Swinging Strike 0-2: Ball 1-2: Strikes out swinging
|
Batting: RHB Joe LaDue
|
0-0: Ball 1-0: Ball 2-0: Ball 3-0: Ground out 5-3 (Groundball, 5, EV 83.8 MPH)
|
Batting: LHB Paul Collins
|
0-0: SINGLE (Line Drive, 9S, EV 101.2 MPH)
|
Batting: RHB Nick Garland
|
0-0: Fly out, F8 (Flyball, 8RXD, EV 93.8 MPH)
|
Bottom of the 1st over - 0 runs, 1 hit, 0 errors, 1 left on base; Dayton 0 - Wisconsin 0 |
TOP OF THE 2ND |
Dayton Dragons batting - Pitching for Wisconsin Timber Rattlers : RHP Javy Uribe
|
Batting: LHB Brian Dickeson
|
0-0: Ball 1-0: Ball 2-0: Swinging Strike 2-1: Foul Ball, location: 2F 2-2: Foul Ball, location: 2F 2-2: Ground out 6-3 (Groundball, 6M, EV 80.6 MPH)
|
Batting: LHB Nick Nino
|
0-0: Ball 1-0: Ball 2-0: Ball 3-0: Base on Balls
|
Batting: LHB Andrew Hamm
|
0-0: Called Strike 0-1: Ball 1-1: Called Strike 1-2: Ball 2-2: Strikes out looking Nick Nino steals 2nd base Batter strikes out.
|
Batting: RHB Kevin Larsen
|
0-0: Foul Ball, location: 2F 0-1: Ball 1-1: Foul Ball, location: 2F 1-2: DOUBLE (Groundball, 5L, EV 103.1 MPH) Nick Nino scores
|
Batting: RHB Marcus Carter
|
0-0: SINGLE (Groundball, 4M, EV 103.1 MPH) Kevin Larsen to third Runner from 3rd tries for Home, SAFE, throw by CF to home
|
Batting: RHB Mark Ortner
|
0-0: Called Strike 0-1: Called Strike 0-2: Strikes out swinging
|
Top of the 2nd over - 2 runs, 2 hits, 0 errors, 1 left on base; Dayton 2 - Wisconsin 0 |
BOTTOM OF THE 2ND |
Wisconsin Timber Rattlers batting - Pitching for Dayton Dragons : RHP Matt Johnson
|
Batting: SHB Craig Wright
|
0-0: Called Strike 0-1: Ball 1-1: Ball 2-1: Foul Ball, location: 2F 2-2: Ground out 6-3 (Groundball, 6, EV 98.1 MPH)
|
Batting: RHB Rafael Medina
|
0-0: Ball 1-0: Foul Ball, location: 2F 1-1: Ball 2-1: Ball 3-1: Foul Ball, location: 2F 3-2: Strikes out swinging, 2-3 out at first.
|
Batting: RHB Jeff Cornett
|
0-0: Ball 1-0: Foul Ball, location: 2F 1-1: Ball 2-1: Foul Ball, location: 2F 2-2: Strikes out swinging
|
Bottom of the 2nd over - 0 runs, 0 hits, 0 errors, 0 left on base; Dayton 2 - Wisconsin 0 |
TOP OF THE 3RD |
Dayton Dragons batting - Pitching for Wisconsin Timber Rattlers : RHP Javy Uribe
|
Batting: LHB Fernando Gomez
|
0-0: Swinging Strike 0-1: Foul Ball, location: 2F 0-2: Fly out, F8 (Flyball, 8LD, EV 107.5 MPH)
|
Batting: LHB Matthew Berry
|
0-0: Called Strike 0-1: Ball 1-1: Foul Ball, location: 2F 1-2: Foul Ball, location: 2F 1-2: Foul Ball, location: 2F 1-2: Foul Ball, location: 2F 1-2: Foul Ball, location: 2F 1-2: Foul Ball, location: 2F 1-2: Ball 2-2: SINGLE (Flyball, 89S, EV 86.9 MPH)
|
Batting: LHB Leo Gomez
|
0-0: Ball 1-0: Ball 2-0: Foul Ball, location: 2F 2-1: Called Strike 2-2: Ball 3-2: Fly out, F8 (Flyball, 8RXD, EV 91.2 MPH)
|
Batting: LHB Brian Dickeson
|
0-0: Ball 1-0: Called Strike 1-1: Foul Ball, location: 2F 1-2: Strikes out swinging
|
Top of the 3rd over - 0 runs, 1 hit, 0 errors, 1 left on base; Dayton 2 - Wisconsin 0 |
BOTTOM OF THE 3RD |
Wisconsin Timber Rattlers batting - Pitching for Dayton Dragons : RHP Matt Johnson
|
Batting: RHB Tyler Badillo
|
0-0: Ball 1-0: Ball 2-0: Swinging Strike 2-1: Ball 3-1: Called Strike 3-2: Foul Ball, location: 2F 3-2: Ground out 5-3 (Groundball, 5, EV 84.4 MPH)
|
Batting: RHB Jamie Youngs
|
0-0: Ball 1-0: Called Strike 1-1: Ball 2-1: Ball 3-1: Called Strike 3-2: SINGLE (Groundball, 6, EV 94.4 MPH)
|
Batting: RHB Ben Alspach
|
0-0: Foul Ball, location: 2F 0-1: Called Strike 0-2: 2-RUN HOME RUN (Flyball, 7D, EV 103.1 MPH), Distance : 403 ft
|
Batting: RHB Joe LaDue
|
0-0: SINGLE (Groundball, 34S, EV 71.2 MPH) (infield hit)
|
Batting: LHB Paul Collins
|
0-0: Ball 1-0: Called Strike Joe LaDue steals 2nd base (no throw) 1-1: Ball 2-1: Ball 3-1: Fly out, F8 (Flyball, 8RM, EV 88.8 MPH)
|
Batting: RHB Nick Garland
|
0-0: Called Strike 0-1: Ball 1-1: Ball 2-1: Fly out, F8 (Line Drive, 8RM, EV 100.0 MPH)
|
Bottom of the 3rd over - 2 runs, 3 hits, 0 errors, 1 left on base; Dayton 2 - Wisconsin 2 |
TOP OF THE 4TH |
Dayton Dragons batting - Pitching for Wisconsin Timber Rattlers : RHP Javy Uribe
|
Batting: LHB Nick Nino
|
0-0: Ball 1-0: Ground out 6-3 (Groundball, 6M, EV 87.5 MPH)
|
Batting: LHB Andrew Hamm
|
0-0: Foul Ball, location: 2F 0-1: Swinging Strike 0-2: Strikes out swinging
|
Batting: RHB Kevin Larsen
|
0-0: Ball 1-0: Called Strike 1-1: Ball 2-1: Swinging Strike 2-2: Strikes out swinging
|
Top of the 4th over - 0 runs, 0 hits, 0 errors, 0 left on base; Dayton 2 - Wisconsin 2 |
BOTTOM OF THE 4TH |
Wisconsin Timber Rattlers batting - Pitching for Dayton Dragons : RHP Matt Johnson
|
Batting: SHB Craig Wright
|
0-0: Called Strike 0-1: Foul Ball, location: 2F 0-2: Strikes out swinging
|
Batting: RHB Rafael Medina
|
0-0: Ball 1-0: Ball 2-0: Called Strike 2-1: Foul Ball, location: 2F 2-2: Strikes out looking
|
Batting: RHB Jeff Cornett
|
0-0: Ball 1-0: Ball 2-0: SINGLE (Groundball, 6MD, EV 101.2 MPH)
|
Batting: RHB Tyler Badillo
|
0-0: Called Strike 0-1: Ground out U3 (Groundball, 3S, EV 70.6 MPH)
|
Bottom of the 4th over - 0 runs, 1 hit, 0 errors, 1 left on base; Dayton 2 - Wisconsin 2 |
TOP OF THE 5TH |
Dayton Dragons batting - Pitching for Wisconsin Timber Rattlers : RHP Javy Uribe
|
Batting: RHB Marcus Carter
|
0-0: Foul Ball, location: 2F 0-1: Swinging Strike 0-2: Ball 1-2: Strikes out swinging
|
Batting: RHB Mark Ortner
|
0-0: Ball 1-0: Ball 2-0: Fly out, F8 (Flyball, 8RS, EV 78.1 MPH)
|
Batting: LHB Fernando Gomez
|
0-0: Ball 1-0: SINGLE (Groundball, 3, EV 103.8 MPH)
|
Batting: LHB Matthew Berry
|
0-0: Ball Fernando Gomez steals 2nd base 1-0: SINGLE (Line Drive, 78S, EV 97.5 MPH) Fernando Gomez to third Runner from 3rd tries for Home, SAFE, throw by LF to home
|
Batting: LHB Leo Gomez
|
0-0: SINGLE (Groundball, 34D, EV 98.1 MPH) Matthew Berry to second Runner from 2nd tries for 3rd, SAFE, throw by RF made to third
|
Batting: LHB Brian Dickeson
|
0-0: Ball 1-0: Ball 2-0: Ball 3-0: Swinging Strike 3-1: Called Strike 3-2: Base on Balls Leo Gomez to second
|
Pitching: RHP Jason Ukena
|
|
Batting: LHB Nick Nino
|
0-0: Called Strike 0-1: Ball 1-1: Ground out 4-3 (Groundball, 34, EV 76.9 MPH)
|
Top of the 5th over - 1 run, 3 hits, 0 errors, 3 left on base; Dayton 3 - Wisconsin 2 |
BOTTOM OF THE 5TH |
Wisconsin Timber Rattlers batting - Pitching for Dayton Dragons : RHP Matt Johnson
|
Batting: RHB Jamie Youngs
|
0-0: Called Strike 0-1: Foul Ball, location: 2F 0-2: Ball 1-2: Foul Ball, location: 2F 1-2: Foul Ball, location: 2F 1-2: Foul Ball, location: 2F 1-2: Fly out, F6 (Flyball, 6MD, EV 89.4 MPH)
|
Batting: RHB Ben Alspach
|
0-0: Reached on error, E6 (Groundball, 6, EV 89.4 MPH)
|
Batting: RHB Joe LaDue
|
0-0: Called Strike 0-1: Ball 1-1: Called Strike 1-2: Fly out, F9 (Flyball, 89D, EV 96.9 MPH)
|
Batting: LHB Paul Collins
|
0-0: Ball 1-0: Called Strike Ben Alspach steals 2nd base (no throw) 1-1: Foul Ball, location: 2F 1-2: Foul Ball, location: 2F 1-2: Strikes out swinging
|
Bottom of the 5th over - 0 runs, 0 hits, 1 error, 1 left on base; Dayton 3 - Wisconsin 2 |
TOP OF THE 6TH |
Dayton Dragons batting - Pitching for Wisconsin Timber Rattlers : RHP Jason Ukena
|
Batting: LHB Andrew Hamm
|
0-0: Foul Ball, location: 2F 0-1: Ball 1-1: Called Strike 1-2: Foul Ball, location: 2F 1-2: Foul Ball, location: 2F 1-2: Fly out, F7 (Flyball, 78M, EV 88.1 MPH)
|
Batting: RHB Kevin Larsen
|
0-0: Called Strike 0-1: Ball 1-1: Ball 2-1: Foul Ball, location: 2F 2-2: Ground out 2-3 (Groundball, 13S, EV 74.4 MPH)
|
Batting: RHB Marcus Carter
|
0-0: SINGLE (Groundball, 56D, EV 98.8 MPH)
|
Batting: RHB Mark Ortner
|
0-0: Ball Wild Pitch! Marcus Carter to second 1-0: Foul Ball, location: 2F 1-1: Called Strike 1-2: Ball 2-2: Ball 3-2: Foul Ball, location: 2F 3-2: Base on Balls
|
Batting: LHB Fernando Gomez
|
0-0: Called Strike 0-1: Ball Passed Ball! Marcus Carter to third Mark Ortner to second 1-1: Called Strike 1-2: Foul Ball, location: 2F 1-2: DOUBLE (Line Drive, 89XD, EV 107.5 MPH) Marcus Carter scores Mark Ortner scores
|
Batting: LHB Matthew Berry
|
0-0: Called Strike 0-1: Ball 1-1: Ball 2-1: Ball 3-1: Called Strike 3-2: Foul Ball, location: 2F 3-2: Reached on error, E4 (Groundball, 4, EV 82.5 MPH) Fernando Gomez to third
|
Pitching: LHP Paul Schumacher
|
|
Batting: LHB Leo Gomez
|
0-0: Ball 1-0: Ball 2-0: Foul Ball, location: 2F 2-1: Fly out, F8 (Flyball, 89XD, EV 79.4 MPH)
|
Top of the 6th over - 2 runs, 2 hits, 1 error, 2 left on base; Dayton 5 - Wisconsin 2 |
BOTTOM OF THE 6TH |
Wisconsin Timber Rattlers batting - Pitching for Dayton Dragons : RHP Matt Johnson
|
Batting: RHB Nick Garland
|
0-0: Swinging Strike 0-1: Foul Ball, location: 2F 0-2: DOUBLE (Line Drive, 5D, EV 103.8 MPH)
|
Batting: SHB Craig Wright
|
0-0: Ball 1-0: Swinging Strike 1-1: Ground out 5-3 (Groundball, 56, EV 105.6 MPH)
|
Batting: RHB Rafael Medina
|
0-0: Ball 1-0: SINGLE (Groundball, 56D, EV 95.0 MPH) Nick Garland to third Runner from 3rd tries for Home, SAFE, throw by LF to home
|
Batting: RHB Jeff Cornett
|
0-0: Ball 1-0: Foul Ball, location: 2F 1-1: Foul Ball, location: 2F 1-2: Foul Ball, location: 2F 1-2: Strikes out swinging
|
Batting: RHB Tyler Badillo
|
0-0: Called Strike 0-1: Foul Ball, location: 2F 0-2: Fielders Choice at 2nd, 6-4 (Groundball, 6, EV 102.5 MPH)
|
Bottom of the 6th over - 1 run, 2 hits, 0 errors, 1 left on base; Dayton 5 - Wisconsin 3 |
TOP OF THE 7TH |
Dayton Dragons batting - Pitching for Wisconsin Timber Rattlers : LHP Paul Schumacher
|
Batting: LHB Brian Dickeson
|
0-0: Fly out, F6 (Popup, 6, EV 57.5 MPH)
|
Batting: LHB Nick Nino
|
0-0: SINGLE (Groundball, 4, EV 98.1 MPH)
|
Batting: LHB Andrew Hamm
|
0-0: Ball 1-0: Called Strike Nick Nino steals 2nd base (no throw) 1-1: Foul Ball, location: 2F 1-2: Ball 2-2: DOUBLE (Flyball, 8RXD, EV 92.5 MPH) Nick Nino scores
|
Batting: RHB Kevin Larsen
|
0-0: Ball 1-0: Swinging Strike 1-1: Ball 2-1: Ball 3-1: Foul Ball, location: 2F 3-2: Foul Ball, location: 2F 3-2: Foul Ball, location: 2F 3-2: Foul Ball, location: 2F 3-2: Base on Balls
|
Batting: RHB Marcus Carter
|
0-0: Ball 1-0: Fielders Choice at 2nd, 6-4 (Groundball, 6, EV 92.5 MPH) Andrew Hamm to third
|
Batting: RHB Mark Ortner
|
0-0: Ball 1-0: Ball 2-0: Called Strike 2-1: Foul Ball, location: 2F 2-2: Ground out 4-3 (Groundball, 4S, EV 82.5 MPH)
|
Top of the 7th over - 1 run, 2 hits, 0 errors, 2 left on base; Dayton 6 - Wisconsin 3 |
BOTTOM OF THE 7TH |
Wisconsin Timber Rattlers batting - Pitching for Dayton Dragons : RHP Matt Johnson
|
Batting: RHB Jamie Youngs
|
0-0: Called Strike 0-1: Swinging Strike 0-2: SINGLE (Line Drive, 56, EV 99.4 MPH)
|
Pitching: RHP Tim Beck
|
|
Batting: RHB Ben Alspach
|
0-0: Called Strike 0-1: Called Strike 0-2: Strikes out looking and he ARGUES THE CALL AND IS TOSSED!
|
Batting: RHB Joe LaDue
|
0-0: Called Strike 0-1: Ball 1-1: Ball 2-1: Reached on error, E6 (Groundball, 6, EV 91.9 MPH) Jamie Youngs to second
|
Batting: LHB Paul Collins
|
0-0: Swinging Strike 0-1: Ball 1-1: Foul Ball, location: 2F 1-2: Strikes out swinging
|
Batting: RHB Nick Garland
|
0-0: SINGLE (Groundball, 34, EV 96.2 MPH) Jamie Youngs to third Joe LaDue to second
|
Batting: SHB Craig Wright
|
0-0: Ball 1-0: Foul Ball, location: 2F 1-1: Called Strike 1-2: Strikes out swinging
|
Bottom of the 7th over - 0 runs, 2 hits, 1 error, 3 left on base; Dayton 6 - Wisconsin 3 |
TOP OF THE 8TH |
Dayton Dragons batting - Pitching for Wisconsin Timber Rattlers : LHP Paul Schumacher
|
Pitching: LHP Juan Gonzalez
|
|
Batting: LHB Fernando Gomez
|
0-0: Ball 1-0: Called Strike 1-1: Ball 2-1: Swinging Strike 2-2: Ball 3-2: Strikes out swinging
|
Batting: LHB Matthew Berry
|
0-0: Called Strike 0-1: Called Strike 0-2: Ball 1-2: Ball 2-2: Strikes out swinging
|
Batting: LHB Leo Gomez
|
0-0: Called Strike 0-1: Ball 1-1: Foul Ball, location: 2F 1-2: Foul Ball, location: 2F 1-2: Ball 2-2: Ground out 4-3 (Groundball, 34D, EV 106.9 MPH)
|
Top of the 8th over - 0 runs, 0 hits, 0 errors, 0 left on base; Dayton 6 - Wisconsin 3 |
BOTTOM OF THE 8TH |
Wisconsin Timber Rattlers batting - Pitching for Dayton Dragons : RHP Tim Beck
|
Pitching: RHP Markus Bevan
|
|
Batting: RHB Rafael Medina
|
0-0: SOLO HOME RUN (Flyball, 7D, EV 101.9 MPH), Distance : 372 ft
|
Batting: RHB Jeff Cornett
|
0-0: Swinging Strike 0-1: Called Strike 0-2: Foul Ball, location: 2F 0-2: Ball 1-2: Strikes out looking
|
Batting: RHB Tyler Badillo
|
0-0: Fly out, F2 (Popup, 25F, EV 75.6 MPH)
|
Batting: RHB Jamie Youngs
|
0-0: Called Strike 0-1: SINGLE (Groundball, 6MD, EV 102.5 MPH)
|
Batting: LHB Gabe Harvey
|
0-0: Swinging Strike 0-1: Ball 1-1: Ball 2-1: Ball 3-1: Ground out 4-3 (Groundball, 4, EV 85.0 MPH)
|
Bottom of the 8th over - 1 run, 2 hits, 0 errors, 1 left on base; Dayton 6 - Wisconsin 4 |
TOP OF THE 9TH |
Dayton Dragons batting - Pitching for Wisconsin Timber Rattlers : LHP Juan Gonzalez
|
Pinch Hitting: RHB John Galluzzo
|
0-0: Fly out, F6 (Flyball, 56D, EV 87.5 MPH)
|
Batting: LHB Nick Nino
|
0-0: Foul Ball, location: 2F 0-1: Ball 1-1: Ball 2-1: Reached on error, E4 (Groundball, 4, EV 89.4 MPH)
|
Batting: LHB Andrew Hamm
|
0-0: Called Strike 0-1: Foul Ball, location: 2F 0-2: Strikes out swinging
|
Batting: RHB Kevin Larsen
|
0-0: Called Strike 0-1: Ground out U3 (Groundball, 3S, EV 90.0 MPH)
|
Top of the 9th over - 0 runs, 0 hits, 1 error, 1 left on base; Dayton 6 - Wisconsin 4 |
BOTTOM OF THE 9TH |
Wisconsin Timber Rattlers batting - Pitching for Dayton Dragons : RHP Markus Bevan
|
Pitching: RHP Giovonni Morgia
|
|
Now at 1B: John Galluzzo
|
|
Now in LF: Jake Savell
|
|
Now in RF: Kevin Larsen
|
|
Batting: RHB Joe LaDue
|
0-0: Foul Ball, location: 2F 0-1: Called Strike 0-2: Ball 1-2: Foul Ball, location: 2F 1-2: Foul Ball, location: 2F 1-2: Ground out 5-3 (Groundball, 56, EV 80.6 MPH)
|
Batting: LHB Paul Collins
|
0-0: Foul Ball, location: 2F 0-1: Ground out U3 (Groundball, 3, EV 84.4 MPH)
|
Batting: RHB Nick Garland
|
0-0: SINGLE (Line Drive, 8RS, EV 111.9 MPH)
|
Batting: SHB Craig Wright
|
0-0: Called Strike 0-1: Swinging Strike 0-2: Strikes out swinging
|
Bottom of the 9th over - 0 runs, 1 hit, 0 errors, 1 left on base; Dayton 6 - Wisconsin 4 |
|